AoeStats
← SGTEAM

Oasis

508496049Analyzed
4v4 RM · 11d ago on Sep 22, 2026· 42m 22s· 8 players
Game mode
Random Map
Map size
Large (8 player)
Population
200
Speed
Normal
Resources
Standard
Victory
Conquest
Starting age
Dark Age
Ending age
Imperial Age
RankedLock teamsTeams togetherTeam positionsShared explorationLock speedFull tech treeHidden civsTurbo modeCheats
Victory
Defeat
🇺🇸 Japanese · United States
1140
+11
🇹🇷 Hindustanis · Türkiye
1134
+12
🇺🇿 Varangians · Uzbekistan
1103
+13
🇨🇳 Italians · China
1073
+14
🇨🇿 Bulgarians · Czechia
1078
-14
🇨🇿 Varangians · Czechia
1069
-14
🇨🇿 Goths · Czechia
991
-11
🇨🇿 Bohemians · Czechia
991
-11
KUBEPTYPMA
10:47 Feudal Age
12:58 Loom
13:05 Loom
16:58 Castle Age
14:58 Double-Bit Axe
14:56 Horse Collar
17:24 Wheelbarrow
17:57 Bow Saw
19:14 Hand Cart
21:46 Heavy Plow
21:39 Gold Mining
24:47 Stone Mining
25:26 Forging
25:22 Scale Barding Armor
27:13 Iron Casting
27:21 Town Watch
27:22 Treadmill Crane
33:07 Imperial Age
30:59 Chain Barding Armor
31:33 Bloodlines
31:24 Husbandry
33:11 Cavalier
34:52 Blast Furnace
33:57 Scale Mail Armor
34:35 Plate Barding Armor
34:26 Ballistics
35:09 Chemistry
37:30 Caravan
39:11 Conscription
38:43 Light Cavalry
littlestewey
10:28 Feudal Age
12:36 Man-at-Arms
20:01 Castle Age
17:51 Horse Collar
17:59 Double-Bit Axe
20:00 Arson
21:46 Heavy Plow
21:59 Bow Saw
23:36 Long Swordsman
25:43 Wheelbarrow
25:30 Gold Mining
26:11 Loom
27:28 Squires
27:17 Gambesons
32:05 Imperial Age
29:40 Stone Mining
30:22 Forging
30:12 Scale Mail Armor
31:29 Gold Shaft Mining
32:16 Hand Cart
32:54 Two-Handed Swordsman
34:15 Iron Casting
33:55 Chain Mail Armor
33:51 Champion
36:27 Conscription
38:36 Blast Furnace
38:06 Plate Mail Armor
38:23 Elite Skirmisher
小尚
5:39 Loom
9:22 Feudal Age
10:20 Double-Bit Axe
11:39 Wheelbarrow
13:04 Horse Collar
22:57 Castle Age
21:59 Fletching
23:02 Crossbowman
23:08 Crossbowman
23:48 Bodkin Arrow
24:35 Bow Saw
24:24 Gold Mining
24:53 Hand Cart
24:55 Padded Archer Armor
25:40 Stone Mining
30:29 Ballistics
39:53 Imperial Age
38:44 Silk Road
38:59 Leather Archer Armor
38:58 Masonry
40:23 Elite Genoese Crossbowman
42:07 Chemistry
41:39 Architecture
41:32 Conscription
Cienfuegos
6:06 Loom
10:30 Feudal Age
11:05 Double-Bit Axe
16:49 Castle Age
15:12 Stone Mining
18:22 Wheelbarrow
19:16 Bow Saw
22:52 Hand Cart
23:46 Gold Mining
26:20 Ballistics
26:12 Horse Collar
30:12 Imperial Age
27:46 Fletching
29:23 Thumb Ring
29:16 Bodkin Arrow
29:21 Padded Archer Armor
30:14 Scale Mail Armor
30:19 Grand Trunk Road
31:07 Gold Shaft Mining
32:13 Chemistry
31:24 Bracer
31:40 Leather Archer Armor
31:51 Conscription
32:40 Two-Man Saw
33:48 Caravan
34:18 Coinage
34:20 Shatagni
34:51 Forging
35:21 Ring Archer Armor
36:32 Banking
38:36 Siege Engineers
38:47 Forging
39:00 Chain Mail Armor
SGTEAM
15:07 Feudal Age
16:28 Wheelbarrow
15:57 Horse Collar
16:10 Double-Bit Axe
26:19 Castle Age
24:48 Fletching
24:58 Padded Archer Armor
26:21 Crossbowman
27:36 Squires
28:04 Ballistics
27:44 Bodkin Arrow
28:05 Leather Archer Armor
28:46 Hand Cart
28:35 Heavy Plow
28:52 Bow Saw
30:01 Town Watch
30:02 Loom
30:23 Murder Holes
33:16 Town Patrol
37:21 Imperial Age
34:52 Elite Skirmisher
37:42 Chemistry
37:22 Arbalester
38:18 Bracer
38:49 Ring Archer Armor
Kubino.
1:55 Loom
10:04 Feudal Age
24:27 Castle Age
23:43 Horse Collar
24:00 Double-Bit Axe
25:07 Stone Mining
26:26 Bow Saw
26:15 Gold Mining
27:49 Stone Shaft Mining
28:56 Heavy Plow
30:07 Forging
29:58 Scale Mail Armor
33:21 Imperial Age
31:31 Wheelbarrow
31:18 Anarchy
31:56 Iron Casting
31:37 Chain Mail Armor
35:11 Squires
37:11 Blast Furnace
cg
5:13 Loom
12:49 Feudal Age
14:05 Wheelbarrow
13:20 Double-Bit Axe
13:18 Horse Collar
13:32 Gold Mining
19:45 Town Watch
25:11 Castle Age
23:33 Stone Mining
23:40 Fletching
24:10 Scale Mail Armor
24:13 Padded Archer Armor
32:35 Imperial Age
32:39 Bow Saw
32:38 Heavy Plow
33:39 Conscription
35:02 Bodkin Arrow
36:07 Murder Holes
38:00 Chain Mail Armor
37:57 Forging
38:36 Bracer
40:31 Plate Mail Armor
40:37 Iron Casting
40:37 Ballistics
41:57 Masonry
Luke︻芫----
4:04 Loom
13:43 Feudal Age
14:59 Wheelbarrow
14:11 Double-Bit Axe
14:10 Horse Collar
20:06 Castle Age
21:33 Bow Saw
23:15 Hand Cart
23:34 Gold Mining
23:36 Stone Mining
23:48 Heavy Plow
27:50 Stone Shaft Mining
26:53 Elite Skirmisher
31:54 Imperial Age
30:27 Padded Archer Armor
30:17 Fletching
30:38 Forging
30:29 Scale Mail Armor
33:57 Two-Man Saw
34:52 Iron Casting
34:33 Chain Mail Armor
34:34 Leather Archer Armor
35:38 Conscription
35:06 Gothikon
41:12 Chemistry
40:33 Ballistics
40:48 Ring Archer Armor
40:13 Bodkin Arrow
Connection lost

Rejoining the realm…

Still unreachable

The connection could not be restored.

Session expired

The server has moved on; the page needs a fresh start.